AoeStats
← TM Caesar

Arena

509741134Analyzed
1v1 RM · 5d ago on Sep 27, 2026· 45m 13s· 2 players
Game mode
Random Map
Map size
Tiny (2 player)
Population
200
Speed
Normal
Resources
Standard
Victory
Conquest
Starting age
Dark Age
Ending age
Imperial Age
RankedLock teamsTeams togetherTeam positionsShared explorationLock speedFull tech treeHidden civsTurbo modeCheats
Victory
Defeat
🇫🇷 Danes · France
1634
+17
🇦🇷 Malay · Argentina
1664
-17
Guimoute
10:55 Feudal Age
11:53 Double-Bit Axe
11:50 Horse Collar
14:48 Castle Age
15:39 Heavy Plow
20:32 Wheelbarrow
20:40 Bow Saw
23:40 Hand Cart
26:34 Imperial Age
24:07 Fletching
24:31 Padded Archer Armor
24:27 Gold Mining
25:59 Ballistics
26:01 Leather Archer Armor
25:42 Bodkin Arrow
26:34 Loom
26:35 Town Watch
26:22 Elite Skirmisher
27:18 Bracer
27:48 Ring Archer Armor
28:04 Ring Archer Armor
28:58 Chemistry
30:08 Conscription
29:40 Cranequins
30:47 Thumb Ring
31:11 Husbandry
31:21 Bloodlines
32:23 Gold Shaft Mining
31:39 Stone Mining
31:37 Heavy Mounted Crossbowman
32:38 Man-at-Arms
33:04 Gambesons
33:20 Scale Mail Armor
34:47 Chain Mail Armor
34:07 Long Swordsman
34:48 Squires
35:15 Two-Handed Swordsman
36:48 Plate Mail Armor
35:50 Hamask
36:58 Forging
38:01 Siege Engineers
38:59 Northmen's Fury
41:22 Champion
46:20 Iron Casting
TM Caesar
8:53 Feudal Age
8:27 Double-Bit Axe
8:33 Horse Collar
16:55 Castle Age
15:32 Fletching
16:53 Bow Saw
16:12 Crossbowman
19:54 Wheelbarrow
21:08 Gold Mining
22:51 Bodkin Arrow
25:18 Hand Cart
25:58 Loom
29:09 Imperial Age
26:54 Padded Archer Armor
27:32 Ballistics
27:46 Forging
27:25 Arson
27:43 Squires
27:30 Town Watch
27:49 Elite Skirmisher
28:49 Bracer
29:48 Conscription
30:21 Iron Casting
31:02 Chemistry
30:33 Elite Karambit Warrior
30:48 Elite Skirmisher
33:15 Leather Archer Armor
34:52 Blast Furnace
35:11 Ring Archer Armor
35:07 Scale Barding Armor
43:06 Thumb Ring
44:38 Husbandry
Connection lost

Rejoining the realm…

Still unreachable

The connection could not be restored.

Session expired

The server has moved on; the page needs a fresh start.